 Dungeon Crawl Stone Soup version 0.31-a0-232-gb1c03b2570 (webtiles) character file.

Game seed: 2625902194518511268

128 nono the Sneak (level 5, -2/43 HPs)
             Began as a Formicid Delver on July 7, 2023.
             Was a Follower of Trog.
             Slain by a river rat (8 damage)
             ... on level 3 of the Dungeon.
             The game lasted 00:08:09 (2191 turns).

nono the Sneak (Formicid Delver)                    Turns: 2191, Time: 00:08:10

Health: -2/43      AC:  5    Str: 23    XL:     5   Next: 34%
Magic:  5/5        EV: 11    Int: 15    God:    Trog [*.....]
Gold:   116        SH:  0    Dex: 15    Spells: 4/4 levels left

rFire   . . .        a - +0 hand axe
rCold   . . .        (no shield)
rNeg    . . .        n - +0 ring mail
rPois   .            (helmet unavailable)
rElec   .            (no cloak)
rCorr   .            (no gloves)
SInv    +            (no boots)
Will    .....        (no amulet)
Stlth   +++          o - ring "Kaluh" {Str+4 Int+6}
HPRegen 0.27/turn    (no ring)
MPRegen 0.09/turn

%: no passive effects
@: no status effects
A: permanent stasis, dig shafts and tunnels, antennae 3, four strong arms
a: Dig, Shaft Self, Renounce Religion


You were on level 3 of the Dungeon.
You worshipped Trog.
Trog was aware of your devotion.
You visited 2 branches of the dungeon, and saw 6 of its levels.

You collected 116 gold pieces.

Inventory:

Hand Weapons
 a - a +0 hand axe (weapon)
Armour
 b - a +0 leather armour
 n - a +0 ring mail (worn)
Jewellery
 k - a +6 ring of intelligence
 o - the ring "Kaluh" (left hand) {Str+4 Int+6}
   (You found it on level 2 of the Dungeon)

   [ring of intelligence]

   Str:       It affects your strength (+4).
   Int:       It affects your intelligence (+6).
Wands
 f - a wand of digging (3)
Scrolls
 c - a scroll of fog
 d - 2 scrolls of enchant weapon {unknown}
 e - a scroll of fear
 h - a scroll of blinking {unknown}
 l - a scroll of silence {unknown}
 m - a scroll of noise {unknown}
 p - a scroll of enchant armour {unknown}
 q - a scroll of teleportation {unknown}
 r - 2 scrolls of identify {unknown}
 s - 2 scrolls of immolation {unknown}
 v - a scroll of poison {unknown}
Potions
 g - a potion of curing
 i - a potion of berserk rage {unknown}
 j - a potion of magic {unknown}
 t - a potion of brilliance {unknown}
 u - a potion of might {unknown}


   Skills:
 + Level 4.5 Fighting
 + Level 3.2 Axes
 + Level 2.5 Armour
 - Level 1.8 Dodging
 - Level 6.0 Stealth


You had 4 spell levels left.
You didn't know any spells.
Your spell library was empty.

Dungeon Overview and Level Annotations

Branches:
Dungeon (5/15)             Temple (1/1) D:4

Altars:
Ashenzari
Gozag
Kikubaaqudgha
Makhleb
Nemelex Xobeh
Okawaru
Qazlal
Sif Muna
Trog
Uskayaw
Vehumet
Xom
Yredelemnul
Zin
Lugonu


Innate Abilities, Weirdness & Mutations

You cannot be hasted, slowed, berserked, paralysed or teleported.
You can dig through walls and to a lower floor.
You have a pair of large antennae on your head. (SInv)
Your four strong arms can wield two-handed weapons with a shield.


Message History

The river rat closely misses you. The river rat barely misses you.
The river rat bites you.
You barely miss the river rat.
The river rat is heavily wounded.
You hit the river rat. You barely miss the river rat.
You feel the effects of Trog's Hand fading.
The river rat bites you but does no damage.
The river rat closely misses you.
The river rat bites you but does no damage.
You completely miss the river rat.
The river rat is heavily wounded.
You hit the river rat. You hit the river rat but do no damage.
The river rat bites you. The river rat misses you. The river rat bites you.
* * * LOW HITPOINT WARNING * * *
You closely miss the river rat.
The river rat is heavily wounded.
You hit the river rat.
You kill the river rat!
Trog accepts your kill.
You closely miss the river rat. The river rat barely misses you. x2
You hit the river rat but do no damage.
The river rat is heavily wounded.
You hit the river rat. The river rat bites you.
* * * LOW HITPOINT WARNING * * *
The river rat barely misses you. The river rat misses you.
The river rat bites you!
* * * LOW HITPOINT WARNING * * *
It was a potion of curing.
You feel better. The river rat misses you. The river rat closely misses you.
You hit the river rat.
The river rat is almost dead.
You hit the river rat. The river rat bites you.
* * * LOW HITPOINT WARNING * * *
The river rat barely misses you.
You hit the river rat.
The river rat is almost dead.
You hit the river rat but do no damage.
Your skin stops crawling.
You feel less strong-willed. The river rat closely misses you.
The river rat bites you!
You die...

#....#
##.##.##
###.†##..#
##...####.#
#.........#
#~.~......#
#~.~.††..(#
#~~~~~...##
##†@#~~..#
#~rr#~~~.#
#~.~#~~..#
#~~~#~~..#
##########


You could see 2 river rats.

Vanquished Creatures
  An orc wizard (D:3)
  An adder (D:3)
  2 river rats (D:3)
  A worm (D:2)
  A dart slug (D:2)
  3 orcs (D:3)
  5 endoplasms
  4 giant cockroaches
  3 goblins
  7 hobgoblins
  7 jackals
  3 kobolds
  4 quokkas
  9 ball pythons
  8 frilled lizards
  5 rats
64 creatures vanquished.

Notes
Turn   | Place    | Note
-------+----------+-------------------------------------------
     0 | D:5      | nono the Formicid Delver began the quest for the Orb.
     0 | D:5      | Reached XP level 1. HP: 18/18 MP: 1/1
    67 | D:4      | Found a staircase to the Ecumenical Temple.
    73 | Temple   | Entered the Ecumenical Temple
   194 | Temple   | Became a worshipper of Trog the Wrathful
   344 | D:1      | Reached XP level 2. HP: 24/24 MP: 2/2
   624 | D:1      | Reached skill level 1 in Armour
   777 | D:1      | Reached XP level 3. HP: 30/30 MP: 3/3
  1245 | D:2      | Reached * piety under Trog
  1296 | D:2      | Found a sparkling altar of Nemelex Xobeh.
  1301 | D:2      | Identified the ring "Kaluh" {Str+4 Int+6}
  1653 | D:2      | Reached XP level 4. HP: 37/37 MP: 4/4
  1730 | D:3      | Found a shimmering altar of Xom.
  1731 | D:3      | Found a radiant altar of Vehumet.
  1732 | D:3      | Found an iron altar of Okawaru.
  1733 | D:3      | Found a shimmering blue altar of Sif Muna.
  1941 | D:3      | Reached XP level 5. HP: 34/43 MP: 5/5
  1996 | D:3      | Found a burning altar of Makhleb.
  1996 | D:3      | Noticed a balrug
  2002 | D:3      | Noticed a neqoxec
  2002 | D:3      | Noticed a neqoxec
  2154 | D:3      | Reached ** piety under Trog
  2188 | D:3      | HP: 1/43 [river rat (7)]
  2191 | D:3      | Slain by a river rat

Illustrated notes

Levels and vault maps discovered:
D:1:      elethiomel_arrival_maze, layout_basic
D:2:      layout_basic, basic_altar
D:3:      layout_loops_cross, makhleb_altar_promises_db,
          mainiacjoe_overflow_alcove_3, nzn_wu_jian_contemplation,
          portal_sewer_entry_e
D:4:      layout_layer_cave, minmay_temple_entry_enclosed_plants,
          chequers_big_river, kennysheep_generic_room_4, uniq_crazy_yiuf_cottage
D:5:      cheibrodos_two_vegetables, layout_loops_ring
Temple:   corrupted_temple

Skill      XL: |  1  2  3  4 |
---------------+-------------+-----
Armour         | 1 2 |  2.5
Fighting       | 4 |  4.5
Axes           | 3 |  3.2
Dodging        | |  1.8
Stealth        | |  6.0

Action                     |  1- 3 |  4- 6 || total
---------------------------+-------+-------++-------
  Melee: Hand axe          |   121 |    76 ||   197
         Punch             |     1 |       ||     1
 Invoke: Trog's Hand       |       |     1 ||     1
Ability: Dig               |     1 |       ||     1
    Use: Scroll            |     1 |       ||     1
         Potion            |       |     1 ||     1
   Stab: Sleeping          |    10 |     4 ||    14
         Distracted        |     1 |       ||     1
 Armour: Leather armour    |     7 |       ||     7
         Ring mail         |    26 |    29 ||    55
  Dodge: Dodged            |    68 |    65 ||   133

Table legend: (Time is in decaauts)
 A = Elapsed time spent in this place.
 B = Non-inter-level travel time spent in this place.
 C = Inter-level travel time spent in this place.
 D = Time resting spent in this place.
 E = Time spent auto-exploring this place.
 F = Levels seen in this place.
 G = Mean time per level.
                   A        B        C        D        E       F      G
               +--------+--------+--------+--------+--------+-----+--------+
         Total |   2222 |   2098 |    124 |      0 |   1435 |   6 |  370.3 |
       Dungeon |   2088 |   2007 |     81 |      0 |   1431 |   5 |  417.6 |
        Temple |    133 |     90 |     43 |      0 |      4 |   1 |  133.0 |
               +--------+--------+--------+--------+--------+-----+--------+

Top non-repeatable levels by time:
     D:2: 763 daAuts
     D:1: 713 daAuts
     D:3: 530 daAuts
  Temple: 133 daAuts
     D:4: 67 daAuts
     D:5: 15 daAuts
